 Dungeon Crawl Stone Soup version 0.21.0-25-ge575cb9ce8 (webtiles) character file.

240 Hat the Chopper (level 5, -8/49 HPs)
             Began as a Deep Dwarf Berserker on Jan 24, 2018.
             Was a Priest of Trog.
             Killed by divine providence
             ... invoked by an orc priest
              (12 damage)
             ... on level 4 of the Dungeon.
             The game lasted 00:19:26 (2691 turns).

Hat the Chopper (Deep Dwarf Berserker)              Turns: 2691, Time: 00:19:26

Health: -8/49      AC:  7    Str: 24    XL:     5   Next: 79%
Magic:  5/5        EV:  9    Int:  7    God:    Trog [***...]
Gold:   239        SH:  8    Dex: 12    Spells: 4/4 levels left

rFire    . . .     SeeInvis .   a - +1 hand axe
rCold    . . .     Gourm    .   o - +0 shield
rNeg     . . .     Faith    .   d - +0 ring mail
rPois    .         Spirit   .   j - +1 helmet
rElec    .         Reflect  .   (no cloak)
rCorr    .         Harm     .   (no gloves)
MR       ++...                  (no boots)
Stlth    +.........             (no amulet)
HPRegen  1.00/turn              i - +2 ring of strength
MPRegen  0.09/turn              (no ring)

@: non-regenerating
A: damage resistance, heal wounds, sense surroundings 1, no regeneration
a: Heal Wounds, Berserk, Trog's Hand, Burn Spellbooks, Renounce Religion


You were on level 4 of the Dungeon.
You worshipped Trog.
Trog was most pleased with you.
You were not hungry.

You visited 1 branch of the dungeon, and saw 5 of its levels.

You collected 239 gold pieces.

Inventory:

Hand Weapons
 a - a +1 hand axe (weapon)
 n - a +0 war axe
Armour
 d - a +0 ring mail (worn)
 h - a +0 buckler
 j - a +1 helmet (worn)
 o - a +0 shield (worn)
Jewellery
 i - a +2 ring of strength (left hand)
Scrolls
 g - 2 scrolls of identify
 k - a scroll of enchant weapon
Potions
 b - a potion of haste
Comestibles
 c - 9 rations
 f - a chunk of flesh


   Skills:
 - Level 3.0 Fighting
 + Level 6.9 Axes
 - Level 2.3 Armour
 - Level 2.3 Dodging


You had 4 spell levels left.
You didn't know any spells.

Dungeon Overview and Level Annotations

Branches:
Dungeon (5/15)
 Temple: D:4-7

Altars:
Dithmenos
Sif Muna


Innate Abilities, Weirdness & Mutations

You are resistant to damage.
You can heal yourself by infusing magical energy.
You passively map a small area around you.
You do not regenerate.


Message History

The orc wizard hits you but does no damage. x2
You slash the orc wizard!
The orc wizard is severely wounded.
You hit the orc wizard.
The orc priest hits you from afar with a trident.
* * * LOW HITPOINT WARNING * * *
The orc wizard points at you and mumbles some strange words.
The magic dart hits you!
The orc wizard gestures at you while chanting.
The magic dart hits you!
* * * LOW HITPOINT WARNING * * *
You hit the orc wizard.
You kill the orc wizard!
Trog accepts your kill.
Trog appreciates your killing of a magic user.
You closely miss the orc wizard.
The orc wizard hits you but does no damage.
The orc priest invokes the aid of Beogh against you.
Beogh smites you!
You die...

............. ###..
............. ##....
.$.<.........#*
#..... ..........#
.. ##....
.........##* .#
#.[.. ........##
#.## ###....
.......## #..#
####...... ......##
*, ,#†##
#####.........
.....##
,##@###.......###...
#...## *
,,#)o........## ##..
,.....o#....##....#
### * **
......#.####.....##
# ........# #......#
........# #......#
........#* ##.....##
# *.........*
#......# # #.......
#......# #


You could see an orc priest and an orc wizard.

Vanquished Creatures
  An orc wizard (D:4)
  2 worker ants (D:4)
  7 adders
  An ooze (D:2)
  6 worms
  2 dart slugs
  2 leopard geckos
  4 orcs
  2 giant cockroaches
  11 goblins
  5 hobgoblins
  8 jackals
  2 quokkas
  2 ball pythons
  10 bats
  3 frilled lizards
  3 kobolds
  6 rats
77 creatures vanquished.

Notes
Turn   | Place    | Note
-------+----------+-------------------------------------------
     0 | D:1      | Hat the Deep Dwarf Berserker began the quest for the Orb.
     0 | D:1      | Reached XP level 1. HP: 20/20 MP: 1/1
    93 | D:2      | Reached XP level 2. HP: 23/28 MP: 2/2
   174 | D:1      | Reached skill level 4 in Axes
   177 | D:1      | Reached ** piety under Trog
   223 | D:1      | Reached XP level 3. HP: 27/34 MP: 3/3
  1084 | D:2      | Reached skill level 5 in Axes
  1084 | D:2      | Reached XP level 4. HP: 36/42 MP: 4/4
  1434 | D:2      | Found a shadowy altar of Dithmenos.
  2103 | D:3      | Found a deep blue altar of Sif Muna.
  2262 | D:3      | Reached XP level 5. HP: 26/49 MP: 5/5
  2309 | D:3      | Reached *** piety under Trog
  2309 | D:3      | Reached skill level 6 in Axes
  2607 | D:5      | Entered Level 5 of the Dungeon
  2691 | D:4      | Killed from afar by an orc priest

Skill      XL: |  1  2  3  4  5 |
---------------+----------------+-----
Fighting       | 3 |  3.0
Axes           | 4 5 6 |  6.9
Armour         | |  2.3
Dodging        | |  2.3

Action                   |  1- 3 |  4- 6 || total
-------------------------+-------+-------++-------
Melee: Hand axe          |   111 |   123 ||   234
Invok: Trog's Hand       |       |     1 ||     1
  Use: Scroll            |     4 |     4 ||     8
       Potion            |     3 |     3 ||     6
  Eat: Chunk             |     1 |     5 ||     6
Armor: Ring mail         |    42 |    32 ||    74
Dodge: Dodged            |    75 |    60 ||   135
Block: Buckler           |     9 |     8 ||    17
       Shield            |       |     5 ||     5
